 Dungeon Crawl Stone Soup version 0.30-a0-459-g9104f0fc43 (webtiles) character file.

Game seed: 7243448414930536157

71061 experimilk the Devastator (level 14, -1/110 HPs)
             Began as a Red Draconian Conjurer on Dec 14, 2022.
             Was a High Priest of Vehumet.
             Slain by a caustic shrike simulacrum (20 damage)
             ... in an ice cave on Dec 15, 2022.
             The game lasted 01:43:58 (27877 turns).

experimilk the Devastator (Red Draconian Conjurer) Turns: 27877, Time: 01:43:59

Health: -1/110     AC: 18    Str: 10    XL:     14   Next: 96%
Magic:  11/33      EV: 12    Int: 23    God:    Vehumet [*****.]
Gold:   1300       SH:  0    Dex: 10    Spells: 7/43 levels left

rFire   + . .      SeeInvis +    T - +3 morningstar (flame)
rCold   + . .      Faith    .    (no shield)
rNeg    . . .      Spirit   .    (body armour unavailable)
rPois   .          Reflect  .    (helmet restricted)
rElec   .          Harm     .    y - +2 cloak {Stlth+}
rCorr   .          Rampage  ∞    i - +2 pair of gloves
Will    +....                    D - +3 pair of seven-league boots {Rampage+∞}
Stlth   +++.......               p - amulet of regeneration
HPRegen 1.18/turn                r - +4 ring of slaying
MPRegen 0.23/turn                Q - ring of Ipuaneh {rC+ SInv}

@: short of breath, slowed, very slow
A: breathe fire, AC +8, unfitting armour, fire resistance 1, cold-blooded,
hooves 1
a: Breathe Fire, Renounce Religion


You were in an ice cave.
You worshipped Vehumet.
Vehumet was extremely pleased with you.
You visited 2 branches of the dungeon, and saw 19 of its levels.
You also visited: Ice Cave.

You collected 1421 gold pieces.
You spent 121 gold pieces at shops.

Inventory:

Hand Weapons
 H - a +2 flail of venom
 T - a +3 morningstar of flaming (weapon)
Armour
 i - a +2 pair of gloves (worn)
 y - a +2 cloak of stealth (worn)
 D - the +3 pair of seven-league boots (worn) {Rampage+∞}
   (You found it on level 7 of the Dungeon)

   Its wearer moves as far as possible in that direction when moving towards
   enemies.
Jewellery
 k - the ring of Pipel {Will- Str+2 Int+6 Dex+8}
   (You found it on level 3 of the Dungeon)

   [ring of intelligence]

   Str:       It affects your strength (+2).
   Int:       It affects your intelligence (+6).
   Dex:       It affects your dexterity (+8).
   Will:      It decreases your willpower.
 p - an amulet of regeneration (around neck)
 r - a +4 ring of slaying (left hand)
 v - a ring of fire
 A - a +6 ring of strength
 F - a ring of fire
 Q - the ring of Ipuaneh (right hand) {rC+ SInv}
   (You found it on level 2 of the Lair of Beasts)

   [ring of see invisible]

   rC:        It protects you from cold.
   SInv:      It lets you see invisible.
Wands
 a - a wand of flame (26)
 o - a wand of charming (9)
 q - a wand of polymorph (12)
 I - a wand of acid (7)
 M - a wand of digging (9)
 S - a wand of roots (7)
Scrolls
 b - 2 scrolls of fear
 c - 7 scrolls of identify
 d - 4 scrolls of summoning
 f - 3 scrolls of magic mapping
 h - 5 scrolls of immolation
 j - 3 scrolls of teleportation
 l - 3 scrolls of fog
 n - 6 scrolls of amnesia
 z - 3 scrolls of vulnerability
 B - 2 scrolls of poison
 C - 2 scrolls of blinking
 P - a scroll of enchant armour
 R - a scroll of silence
 U - a scroll of brand weapon
Potions
 e - 2 potions of attraction
 g - 9 potions of curing
 s - 5 potions of lignification
 u - 2 potions of ambrosia
 w - 2 potions of haste
 E - 3 potions of flight
 G - a potion of mutation
 J - a potion of invisibility
 K - 3 potions of resistance
 L - 4 potions of brilliance
 N - a potion of cancellation
 O - 2 potions of might
Miscellaneous
 m - a phial of floods
 t - a tin of tremorstones (1/2)
 x - a piece from Xom's chessboard (15/15)


   Skills:
 - Level 6.0 Fighting
 - Level 3.0 Dodging
 - Level 1.7 Stealth
 - Level 15.0 Spellcasting
 - Level 15.0 Conjurations
 - Level 12.0 Translocations
 + Level 8.9 Fire Magic
 + Level 5.1 Evocations


You had 7 spell levels left.
You knew the following spells:

 Your Spells              Type           Power      Damage    Failure   Level
a - Sticky Flame          Conj/Fire      64%        2d8       1%          4
b - Magic Dart            Conj           100%       1d8       0%          1
c - Iskenderun's Battles  Conj           72%        2d12      1%          5
d - Foxfire               Conj/Fire      100%       2x1d9     1%          1
e - Apportation           Tloc           100%       N/A       1%          1
f - Gell's Gravitas       Tloc           64%        N/A       1%          3
q - Teleport Other        Tloc           64%        N/A       1%          3
s - Starburst             Conj/Fire      32%        6d10      1%          6
w - Dispersal             Tloc           32%        N/A       3%          6
x - Iskenderun's Mystic   Conj/Tloc      68%        2d14      1%          4
z - Searing Ray           Conj           100%       2d8       0%          2

Your spell library contained the following spells:

 Spells                   Type           Power      Damage    Failure   Level
 Fireball                 Conj/Fire      32%        3d14      1%          5
 Poisonous Vapours        Pois/Air       34%        N/A       1%          2
 Dazzling Flash           Conj/Hex       100%       N/A       1%          3
 Mephitic Cloud           Conj/Pois/Air  40%        N/A       1%          3
 Fulminant Prism          Conj/Hex       25%        3d13      1%          4
 Irradiate                Conj/Tmut      25%        3d20      1%          5
 Lightning Bolt           Conj/Air       25%        1d41      1%          5
 Necrotise                Necr           68%        1d7       3%          1
 Summon Small Mammal      Summ           68%        N/A       3%          1
 Cigotuvi's Dreadful Rot  Necr/Pois/Air  34%        N/A       4%          2
 Sublimation of Blood     Necr           17%        N/A       4%          2
 Iron Shot                Conj/Erth      25%        9d5       7%          6
 Airstrike                Air            8%         2d(2-18)  9%          4
 Yara's Violent Unravell  Hex/Tmut       8%         3d5       24%         5
 Anguish                  Hex/Necr       8%         N/A       32%         4
 Petrify                  Tmut/Erth      17%        N/A       32%         4
 Summon Lightning Spire   Summ/Air       17%        N/A       32%         4
 Spellforged Servitor     Conj/Summ      25%        N/A       32%         7
 Enfeeble                 Hex            8%         N/A       100%        7


Dungeon Overview and Level Annotations

Branches:
Dungeon (14/15)            Temple (0/1) D:4            Lair (5/5) D:11
  Swamp (0/4) Lair:2        Snake (0/4) Lair:2        Slime (0/5) Lair:5
    Orc (0/2) D:9          Vaults (0/5) D:14          IceCv (1/1)

Altars:
Dithmenos
Elyvilon
Kikubaaqudgha
Okawaru
Qazlal
Ru
Vehumet
Xom
Yredelemnul
The Shining One

Shops:
D:2 =   D:3 *   D:6 [   D:8 [   D:12 *

Annotations:
D:10 1 runed translucent door, MrSquiggles's ghost, journeyman MiFi
Lair:5 exclusion: obsidian statue


Innate Abilities, Weirdness & Mutations

You can breathe blasts of fire.
Your fiery red scales are hard. (AC +8)
You cannot fit into any form of body armour.
Your flesh is heat resistant. (rF+)
You are cold-blooded and may be slowed by cold attacks.
You have large cloven feet.


Message History

The mystic blast hits the ice devil!
The ice devil is almost dead.
The ice devil is knocked back by the mystic blast.
The ice devil slams into the ice covered rock wall!
The ice devil burns! x2
You kill the ice devil!
Vehumet accepts your kill.
You feel your power returning.
Unknown command.
You hit the freezing wraith. You burn the freezing wraith.
The freezing wraith is almost destroyed.
The freezing wraith closely misses you.
The freezing wraith hits you but does no damage.
The freezing wraith closely misses you. The freezing wraith hits you.
The freezing wraith drains your vigour!
You feel as though you will be slow longer.
You hit the freezing wraith but do no damage.
The freezing wraith is almost destroyed.
The freezing wraith hits you. The freezing wraith freezes you! You resist.
The freezing wraith hits you but does no damage. x3
The freezing wraith hits you. The freezing wraith freezes you! You resist.
* * * LOW HITPOINT WARNING * * *
The freezing wraith hits you but does no damage.
Aiming: Breathe Fire (1% risk of failure)
Press: ? - help, Shift-Dir - straight line, f - freezing wraith
Aim: a freezing wraith (almost destroyed, 71% to hit)
You breathe a blast of fire.
The fiery breath hits the freezing wraith!
The freezing wraith is burned terribly!
You destroy the freezing wraith!
Vehumet accepts your kill.
You feel your power returning.
The caustic shrike simulacrum is engulfed in blazing flames.
The caustic shrike simulacrum claws you but does no damage.
The caustic shrike simulacrum is engulfed in blazing flames.
The caustic shrike simulacrum claws you!
* * * LOW HITPOINT WARNING * * *
The caustic shrike simulacrum freezes you!!
You resist.
You die...

#.......##....##.......#
##....#####..####.....##
##..## #### #......#
#### ##....## ##...# ###
### ##..## ##.## ##.##
##..# ##...# #.Z.##
#..####....# #.....#@.#
#...#...#..#
#.....##..##
##.....##..# #...W.
##..# ##...###.## ....4
#..## ######..# .....
##..# ##..## .... #..##
##...# #... ##..#
##...## ##.####...##
#..##...##


You could see a caustic shrike simulacrum.

Vanquished Creatures
  5 dire elephants (Lair:5)
  Josephine (D:11)
  Snorg (D:11)
  7 hydras
  2 centaur warriors (D:14)
  A catoblepas (Lair:4)
  A boulder beetle (D:11)
  4 two-headed ogres
  5 death yaks
  A tengu warrior (D:13)
  Urug (D:14)
  A spectral death yak (Lair:5)
  A spectral anaconda (Lair:5)
  A spriggan simulacrum (IceCv)
  3 bog bodies (IceCv)
  4 necromancers (Lair:5)
  A deep elf pyromancer (D:11)
  2 ugly things (D:13)
  2 cyclopes
  3 manticores
  2 black mambas (Lair:5)
  13 elephants
  A dire elephant zombie (Lair:5)
  A torpor snail (Lair:5)
  An ice statue (D:14)
  A dire elephant skeleton (Lair:5)
  14 cane toads
  A yaktaur (D:13)
  An unseen horror (D:11)
  A tengu conjurer (D:14)
  2 kobold demonologists
  2 rime drakes (Lair:5)
  An ice devil (IceCv)
  An anaconda simulacrum (IceCv)
  9 komodo dragons
  3 freezing wraiths (IceCv)
  A golden dragon simulacrum (IceCv)
  A tyrant leech (Lair:2)
  6 trolls
  2 polar bears
  9 slime creatures
  12 dream sheep
  10 blink frogs
  2 vampires
  3 wraiths (D:11)
  7 wyverns
  4 shadows
  36 yaks
  3 dire elephant simulacra (IceCv)
  3 basilisks
  16 humans (D:14)
  2 steam dragons
  2 spectral cane toads (Lair:5)
  2 minotaur simulacra (IceCv)
  A death yak simulacrum (Lair:5)
  3 vampire mosquitoes
  4 nagas (Lair:2)
  A harpy simulacrum (IceCv)
  2 acid dragons
  18 water moccasins
  A floating eye (D:11)
  3 orc warriors
  A sky beast (D:5)
  An alligator simulacrum (IceCv)
  A black bear (D:11)
  A black bear (shapeshifter) (D:14)
  2 elephant zombies (Lair:5)
  15 wolves
  An ogre (D:6)
  17 centaurs
  A phantom (D:7)
  2 elephant skeletons (Lair:5)
  4 kobold brigands
  11 bullfrogs
  A necrophage (D:6)
  A gnoll sergeant (D:13)
  5 scorpions
  2 deep troll simulacra (IceCv)
  13 wights
  8 killer bees
  An elephant simulacrum (Lair:5)
  2 lindwurm simulacra (IceCv)
  2 howler monkeys
  A vampire bat (Lair:3)
  5 orc priests
  A gnoll bouda (D:4)
  5 jellies
  Crazy Yiuf (D:2)
  5 hounds
  4 iguanas
  14 orc wizards
  11 gnolls
  7 adders
  An ufetubus (D:6)
  4 worms
  2 dart slugs
  40 orcs
  12 bats
  8 endoplasms
  4 giant cockroaches
  9 goblins
  7 hobgoblins
  12 jackals
  3 quokkas
  3 ball pythons
  5 frilled lizards
  10 kobolds
  7 rats
  2 butterflies (Lair:5)
530 creatures vanquished.

Vanquished Creatures (collateral kills)
  9 foxfires
9 creatures vanquished.

Vanquished Creatures (others)
  A wight (D:7)
  An orc wizard (D:11)
  996 foxfires
  33 fungi
  70 plants
  39 withered plants (Lair:5)
1140 creatures vanquished.

Grand Total: 1679 creatures vanquished

Notes
Turn   | Place    | Note
-------+----------+-------------------------------------------
     0 | D:1      | experimilk the Draconian Conjurer began the quest for the
                  | Orb.
     0 | D:1      | Reached XP level 1. HP: 14/14 MP: 3/3
   308 | D:1      | Reached XP level 2. HP: 20/20 MP: 1/5
   456 | D:1      | Learned a level 2 spell: Searing Ray
   817 | D:1      | Reached skill level 5 in Conjurations
   817 | D:1      | Reached XP level 3. HP: 26/26 MP: 2/6
  1630 | D:2      | Found Puget's Jewellery Shoppe.
  2093 | D:2      | Reached XP level 4. HP: 33/33 MP: 2/7
  2139 | D:2      | Identified the +4 ring mail of the Aged Priests {Int+2}
  2145 | D:2      | Learned a level 4 spell: Iskenderun's Mystic Blast
  2194 | D:2      | Found a glowing golden altar of the Shining One.
  2220 | D:2      | Found a runed translucent door.
  2221 | D:2      | Noticed Crazy Yiuf
  2382 | D:2      | Killed Crazy Yiuf
  2522 | D:3      | Noticed a scorpion
  2526 | D:3      | Killed a scorpion
  2527 | D:3      | Reached skill level 1 in Translocations
  2527 | D:3      | Reached XP level 5. HP: 38/38 MP: 2/8
  2647 | D:3      | Found Isiwn's General Store.
  2652 | D:3      | Bought a potion of ambrosia for 88 gold pieces
  2652 | D:3      | Bought a potion of lignification for 33 gold pieces
  2720 | D:3      | Found a faded altar of an unknown god.
  2916 | D:3      | Found a radiant altar of Vehumet.
  3330 | D:3      | Identified the ring of Pipel {Will- Str+2 Int+6 Dex+8}
  3668 | D:3      | Became a worshipper of Vehumet
  4275 | D:4      | Reached XP level 6. HP: 45/45 MP: 4/9
  4540 | D:4      | Found a sacrificial altar of Ru.
  4878 | D:4      | Found a white marble altar of Elyvilon.
  5239 | D:5      | Entered Level 5 of the Dungeon
  5508 | D:4      | Your scales start taking on a fiery red colour.
  5508 | D:4      | Reached XP level 7. HP: 50/50 MP: 6/10
  5508 | D:4      | Gained mutation: Your flesh is heat resistant. (rF+) [Red
                  | Draconian growth]
  5561 | D:4      | Learned a level 3 spell: Gell's Gravitas
  5583 | D:4      | Found a staircase to the Ecumenical Temple.
  6392 | D:5      | Reached * piety under Vehumet
  6392 | D:5      | Offered knowledge of Shock by Vehumet.
  6836 | D:6      | Reached skill level 1 in Fighting
  6877 | D:6      | Reached XP level 8. HP: 59/59 MP: 6/11
  7699 | D:6      | Found Meaf's Antique Armour Emporium.
  7815 | D:6      | Reached skill level 10 in Conjurations
  8410 | D:7      | Identified the +4 ring mail of Monotheism {rC+ Str+4}
  8504 | D:7      | Reached XP level 9. HP: 67/72 MP: 3/13
  8581 | D:7      | Found an iron altar of Okawaru.
  8944 | D:7      | Reached skill level 5 in Fighting
  9074 | D:7      | Found the +3 pair of seven-league boots {Rampage+∞}
  9111 | D:7      | Identified the +7 shortbow of Termination {vorpal, Dex+5}
  9550 | D:8      | Offered knowledge of Foxfire by Vehumet.
  9554 | D:8      | Reached ** piety under Vehumet
 10113 | D:8      | Learned a level 1 spell: Foxfire
 10148 | D:8      | Reached skill level 5 in Spellcasting
 10213 | D:8      | Learned a level 5 spell: Iskenderun's Battlesphere
 10567 | D:8      | Reached XP level 10. HP: 67/83 MP: 6/19
 10755 | D:8      | Found Rediunyng's Armour Shop.
 10961 | D:9      | Reached skill level 1 in Fire Magic
 11180 | D:9      | Found an ancient bone altar of Kikubaaqudgha.
 11252 | D:9      | Offered knowledge of Static Discharge by Vehumet.
 11460 | D:9      | Learned a level 3 spell: Teleport Other
 11464 | D:9      | Found a staircase to the Orcish Mines.
 12120 | D:9      | Reached *** piety under Vehumet
 12228 | D:9      | Noticed a two-headed ogre
 12234 | D:9      | Killed a two-headed ogre
 12235 | D:9      | Reached skill level 5 in Translocations
 12558 | D:10     | Entered Level 10 of the Dungeon
 12606 | D:10     | Reached skill level 5 in Fire Magic
 12914 | D:10     | Found a runed translucent door.
 12960 | D:10     | Reached XP level 11. HP: 89/89 MP: 7/23
 13219 | D:10     | Noticed a two-headed ogre
 13225 | D:10     | Killed a two-headed ogre
 13590 | D:10     | Found a shimmering altar of Xom.
 13590 | D:10     | Noticed MrSquiggles's ghost (journeyman MiFi)
 13591 | D:10     | Noticed a +1 flail of chaos
 13632 | D:10     | Found a basalt altar of Yredelemnul.
 13632 | D:10     | Found a shadowy altar of Dithmenos.
 13940 | D:11     | Offered knowledge of Inner Flame by Vehumet.
 14174 | D:11     | Found a staircase to the Lair.
 14380 | D:11     | Noticed Josephine
 14716 | D:11     | Killed Josephine
 14900 | D:11     | Noticed Snorg
 14907 | D:11     | Killed Snorg
 14974 | D:11     | Noticed a two-headed ogre
 14987 | D:11     | Killed a two-headed ogre
 15351 | D:11     | Reached **** piety under Vehumet
 15423 | D:11     | Noticed a deep elf pyromancer
 15458 | D:11     | Killed a deep elf pyromancer
 15458 | D:11     | Offered knowledge of Hailstorm by Vehumet.
 15883 | D:11     | Noticed a boulder beetle
 15914 | D:11     | Killed a boulder beetle
 15915 | D:11     | Reached XP level 12. HP: 92/96 MP: 7/25
 16257 | Lair:1   | Entered Level 1 of the Lair of Beasts
 16341 | Lair:1   | Reached skill level 10 in Spellcasting
 16965 | Lair:1   | Learned a level 1 spell: Apportation
 17523 | Lair:2   | Found a stormy altar of Qazlal.
 18012 | Lair:2   | Found a staircase to the Snake Pit.
 18016 | Lair:2   | Identified the ring of Ipuaneh {rC+ SInv}
 18258 | Lair:2   | Found a staircase to the Swamp.
 18377 | Lair:2   | You fall into a shaft and drop 1 floor!
 18959 | Lair:2   | Gained mutation: You have large cloven feet. [potion of
                  | mutation]
 19132 | Lair:3   | Upgraded the game from 0.30-a0-457-g4b7bca3bfa to
                  | 0.30-a0-458-g86641cc369
 19238 | Lair:3   | Reached ***** piety under Vehumet
 19288 | Lair:3   | Offered knowledge of Arcjolt by Vehumet.
 19297 | Lair:3   | Reached skill level 15 in Conjurations
 19769 | Lair:3   | Reached XP level 13. HP: 100/102 MP: 22/28
 19778 | Lair:3   | Learned a level 6 spell: Dispersal
 21478 | Lair:5   | Entered Level 5 of the Lair of Beasts
 21685 | Lair:5   | Reached skill level 10 in Translocations
 21711 | Lair:5   | Learned a level 6 spell: Starburst
 21740 | Lair:5   | Noticed a dire elephant
 21740 | Lair:5   | Noticed a dire elephant
 21741 | Lair:5   | Upgraded the game from 0.30-a0-458-g86641cc369 to
                  | 0.30-a0-459-g9104f0fc43
 21880 | Lair:5   | Found a runed translucent door.
 21944 | Lair:5   | Found a staircase to the Slime Pits.
 22133 | Lair:5   | Offered knowledge of Sticky Flame by Vehumet.
 22301 | Lair:5   | Learned a level 4 spell: Sticky Flame
 22648 | Lair:5   | Noticed a dire elephant
 22662 | Lair:5   | Killed a dire elephant
 22941 | Lair:5   | Noticed a dire elephant
 22948 | Lair:5   | Killed a dire elephant
 22969 | Lair:5   | Noticed a dire elephant
 22999 | Lair:5   | Killed a dire elephant
 23177 | Lair:5   | Reached XP level 14. HP: 110/110 MP: 28/31
 24852 | Lair:5   | Reached skill level 1 in Evocations
 25977 | D:12     | Found Dasus's Assorted Antiques.
 27402 | D:14     | Found a gate to the Vaults.
 27404 | D:14     | Noticed Urug
 27408 | D:14     | Reached skill level 15 in Spellcasting
 27414 | D:14     | Killed Urug
 27514 | D:14     | Offered knowledge of Fireball by Vehumet.
 27586 | D:14     | Found a frozen archway.
 27601 | IceCv    | Entered an ice cave
 27794 | IceCv    | Reached skill level 5 in Evocations
 27877 | IceCv    | Slain by a caustic shrike simulacrum

Illustrated notes

Levels and vault maps discovered:
D:1:      tarquinn_simple_flora_water_d, layout_rooms, serial_forest,
          infiniplex_forest_clump_large, infiniplex_forest_zigzag_1,
          infiniplex_forest_lined_room_2, infiniplex_forest_straight_5,
          infiniplex_forest_lined_room_3
D:2:      minmay_spotlight, layout_basic, serial_shops,
          nicolae_shop_behind_doors, basic_altar, minmay_pentomino_o2,
          uniq_crazy_yiuf_cottage
D:3:      layout_basic, general_overflow_altar, serial_shops, shop,
          chequers_ecumenical_altar_grove
D:4:      nicolae_cairo_tiling_large_dashed, layout_basic,
          mainiacjoe_overflow_alcove_2, nicolae_elyvilon_peaceful_grove,
          minmay_temple_entry_fiery
D:5:      layout_loops_ring, corexii_shack, dreamdust_gnoll_farm
D:6:      nicolae_whirlpool, layout_basic, serial_shops, nicolae_shop_trees
D:7:      layout_loops_corners, nicolae_overflow_crystal_walls,
          minmay_misc_feat_room, minivault_10
D:8:      layout_basic, serial_shops, nicolae_shop_waterfront,
          minmay_misc_feat_encased, supply_closet_lemuel
D:9:      layout_gridville, kennysheep_mini, orc_0_dummy
D:10:     layout_long_grid, gammafunk_temple_overflow_pools, ebering_ghost_xom
D:11:     layout_roguey, minmay_lair_entry_grove, onia_ninara_cookie,
          uniq_snorg, uniq_josephine
D:12:     layout_cross, serial_shops, shop
D:13:     layout_basic
D:14:     layout_loops_ring, david_vaults_3,
          portal_ice_cave_entry_ice_statue_one, infiniplex_staircase_door_maze,
          tso_altar, uniq_roxanne
Lair:1:   layout_cave_shapes, infiniplex_staircase_pool_2
Lair:2:   layout_cave_pods, minmay_swamp_entry_worms,
          guppyfry_snake_entry_island, lemuel_centaur_altar
Lair:3:   layout_roguey, roderic_batcave, chequers_serial_rivers_marsh,
          hangedman_lair_unloving_vines
Lair:4:   layout_big_grid, lemuel_fruit_fields
Lair:5:   due_jungle_book, layout_small_grid, slime_entry_2, grunt_megastairs_4,
          lemuel_fruit_fields
IceCv:    ice_cave_small_necro

Skill      XL: |  1  2  3  4  5  6  7  8  9 10 11 12 13 14 |
---------------+-------------------------------------------+-----
Conjurations   | 5 6 7 9 10 12 13 15 | 15.0
Translocations | 1 2 3 5 7 9 10 12 | 12.0
Fighting       | 1 4 6 |  6.0
Spellcasting   | 3 6 8 9 11 13 15 | 15.0
Fire Magic     | 5 6 8 |  8.9
Dodging        | 3 |  3.0
Evocations     | 5 |  5.1
Stealth        | |  1.7

Action                   |  1- 3 |  4- 6 |  7- 9 | 10-12 | 13-15 || total
-------------------------+-------+-------+-------+-------+-------++-------
Melee: Mace              |    29 |       |       |       |       ||    29
       Tailslap          |    10 |     8 |     8 |    14 |    39 ||    79
       Punch             |     2 |       |     1 |     1 |     3 ||     7
       Whip              |    51 |    46 |       |       |       ||    97
       Spear             |       |       |    42 |       |       ||    42
       Flail             |       |       |     8 |    71 |    83 ||   162
       Morningstar       |       |       |       |       |    59 ||    59
 Cast: Magic Dart        |    60 |    63 |    46 |       |       ||   169
       Searing Ray       |    10 |    26 |    35 |    13 |       ||    84
       Gell's Gravitas   |       |       |    15 |    14 |       ||    29
       Iskenderun's Myst |       |       |    11 |    43 |    77 ||   131
       Foxfire           |       |       |    16 |   264 |   293 ||   573
       Iskenderun's Batt |       |       |       |    72 |    75 ||   147
       Sticky Flame      |       |       |       |       |    26 ||    26
       Dispersal         |       |       |       |       |     5 ||     5
       Starburst         |       |       |       |       |    20 ||    20
 Abil: Breathe Fire      |       |       |    18 |    17 |    17 ||    52
Evoke: Wand              |       |       |     2 |     4 |     2 ||     8
       Piece from Xom's  |       |       |       |     1 |       ||     1
       Tin of tremorston |       |       |       |       |     2 ||     2
  Use: Scroll            |     2 |     6 |     5 |    12 |     8 ||    33
       Potion            |       |     1 |     5 |     3 |     7 ||    16
 Stab: Sleeping          |     1 |     1 |       |     1 |       ||     3
Armor: Skin              |    37 |    22 |    47 |    76 |   195 ||   377
Dodge: Dodged            |    77 |    32 |    50 |    81 |   118 ||   358

Table legend: (Time is in decaauts)
 A = Elapsed time spent in this place.
 B = Non-inter-level travel time spent in this place.
 C = Inter-level travel time spent in this place.
 D = Time resting spent in this place.
 E = Time spent auto-exploring this place.
 F = Levels seen in this place.
 G = Mean time per level.
                   A        B        C        D        E       F      G
               +--------+--------+--------+--------+--------+-----+--------+
         Total |  28037 |  26984 |   1053 |   9474 |  13511 |  20 | 1401.8 |
       Dungeon |  18710 |  18065 |    645 |   6275 |   9477 |  14 | 1336.4 |
          Lair |   9040 |   8633 |    407 |   3042 |   4034 |   5 | 1808.0 |
      Ice Cave |    286 |    286 |      0 |    157 |      0 |   1 |  286.0 |
               +--------+--------+--------+--------+--------+-----+--------+

Top non-repeatable levels by time:
  Lair:5: 3559 daAuts
    D:11: 2889 daAuts
     D:4: 1694 daAuts
     D:8: 1689 daAuts
  Lair:2: 1570 daAuts
  Lair:3: 1561 daAuts
     D:7: 1554 daAuts
     D:2: 1440 daAuts
     D:9: 1374 daAuts
     D:6: 1364 daAuts
    D:10: 1357 daAuts
  Lair:1: 1290 daAuts
     D:5: 1254 daAuts
     D:1: 1198 daAuts
     D:3: 1065 daAuts
